 Dungeon Crawl Stone Soup version 0.18-a0-884-gb6cfd45 (webtiles) character file.

78 filipzpl the Cudgeler (level 4, -3/29 HPs)
             Began as a Gargoyle Berserker on Dec 22, 2015.
             Was a Believer of Trog.
             Slain by Terence
             ... wielding a +0 flail
              (4 damage)
             ... on level 2 of the Dungeon.
             The game lasted 00:08:33 (1017 turns).

filipzpl the Cudgeler (Gargoyle Berserker)          Turns: 1017, Time: 00:08:33

Health: -3/29      AC:  9    Str: 21    XL:     4   Next: 36%
Magic:  4/4        EV: 11    Int:  8    God:    Trog [**....]
Gold:   48         SH:  0    Dex:  9    Spells: 0 memorised, 3 levels left

rFire  . . .     SeeInvis .     a - +0 mace
rCold  . . .     Gourm    .     h - +0 ring mail
rNeg   + . .     Faith    .     (no shield)
rPois  ∞         Spirit   .     (no helmet)
rElec  +         Dismiss  .     (no cloak)
rCorr  .         Reflect  .     (no gloves)
SustAt .         Harm     .     (no boots)
MR     .....                    (no amulet)
Stlth  ..........               (no ring)
                                (no ring)

@: not resistant to hostile enchantments, extremely unstealthy
A: negative energy resistance 1, electricity resistance, unbreathing,
petrification resistance, rot immunity, AC +3
a: Berserk, Trog's Hand, Burn Spellbooks, Renounce Religion


You were on level 2 of the Dungeon.
You worshipped Trog.
Trog was pleased with you.
You were not hungry.

You visited 1 branch of the dungeon, and saw 2 of its levels.

You collected 48 gold pieces.

Inventory:

Hand Weapons
 a - a +0 mace (weapon)
Armour
 b - a +1 animal skin
 h - a +0 ring mail (worn)
Jewellery
 e - a cursed ring of magical power {unknown}
Scrolls
 g - 3 scrolls of enchant weapon
Potions
 d - a potion of cure mutation
 f - a potion of resistance {unknown}
Comestibles
 c - a bread ration


   Skills:
 + Level 4.0 Fighting
 + Level 4.0 Maces & Flails
 + Level 2.4 Armour
 + Level 2.1 Dodging
 + Level 0.2 Stealth


You had 3 spell levels left.
You didn't know any spells.

Dungeon Overview and Level Annotations

Branches:
Dungeon (2/15)

Altars:
Dithmenos
Trog
Vehumet

Annotations:
D:2 Terence


Innate Abilities, Weirdness & Mutations

You are resistant to torment.
Your stone body is resilient (AC +3).
You are immune to poison.
You resist negative energy.
You are resistant to electric shocks.
You can survive without breathing.
You are immune to petrification.
You are immune to rotting.


Message History

The rat completely misses you.
You hit Terence.
Terence is heavily wounded.
The adder bites you but does no damage. Terence hits you with a flail.
* * * LOW HITPOINT WARNING * * *
The rat closely misses you. The adder barely misses you.
You hit Terence but do no damage.
Terence is heavily wounded.
The rat completely misses you. The adder bites you but does no damage.
Terence hits you but does no damage.
You hit Terence but do no damage.
Terence is heavily wounded.
The adder bites you but does no damage. The rat closely misses you.
Terence hits you but does no damage. The adder closely misses you.
You hit Terence but do no damage.
Terence is heavily wounded.
The rat bites you but does no damage. The adder bites you but does no damage.
Terence says, "Don't bother to defend, it's pointless."
Terence hits you with a flail.
You die...

...........#.#####...)...###.
...........#.......#####...##
...........####.............#
...........###..#########...#
...............## ##.#
#..........#### .#
#....?.......#### .
#$........r#S...###
#........w@@.......
##.......########## ##.....##
#######


You could see Terence, a worm, an adder and a rat.

Vanquished Creatures
  Robin (D:2)
  2 adders (D:2)
  A worm (D:2)
  2 giant geckos (D:1)
  A ball python (D:1)
  4 bats (D:1)
  6 hobgoblins
  4 jackals (D:1)
  10 goblins
  4 kobolds (D:1)
  13 rats (D:1)
48 creatures vanquished.

Notes
Turn   | Place    | Note
--------------------------------------------------------------
     0 | D:1      | filipzpl the Gargoyle Berserker began the quest for the Orb.
     0 | D:1      | Reached XP level 1. HP: 14/14 MP: 1/1
   131 | D:1      | Reached XP level 2. HP: 14/19 MP: 2/2
   523 | D:1      | Reached XP level 3. HP: 22/24 MP: 3/3
   533 | D:1      | Reached ** piety under Trog
   861 | D:2      | Found a radiant altar of Vehumet.
   861 | D:2      | Found a shadowy altar of Dithmenos.
   871 | D:2      | Found a bloodstained altar of Trog.
   929 | D:2      | Noticed Robin
   942 | D:2      | Killed Robin
   949 | D:2      | Reached XP level 4. HP: 25/29 MP: 4/4
   961 | D:2      | Reached skill level 4 in Maces & Flails
   983 | D:2      | Noticed Terence
  1014 | D:2      | HP: 1/29 [Terence/flail (6)]
  1017 | D:2      | Slain by Terence

Vault maps used:
D:1:      minmay_arrival_radiant_lines, minmay_rat_gold_closets
D:2:      nicolae_overflow_crystal_walls, gammafunk_temple_overflow_wave,
          ecumenical_altar_1, uniq_terence, uniq_robin

Action                   |  1- 3 |  4- 6 || total
-------------------------+-------+-------++-------
Melee: Mace              |   118 |    43 ||   161
Invok: Berserk           |     1 |       ||     1
  Use: Scroll            |     4 |       ||     4
 Stab: Sleeping          |     1 |       ||     1
  Eat: Bread ration      |       |     1 ||     1
